 Dungeon Crawl Stone Soup version 0.26-a0-846-gcc8f1ee719 (webtiles) character file.

Game seed: 9504841109189418427

21541 mhtbhm the Brawler (level 12, -5/97 HPs)
             Began as a Ghoul Monk on Nov 19, 2020.
             Was a High Priest of Okawaru.
             Killed from afar by a starcursed mass (7 damage)
             ... with an accursed screaming
             ... on level 3 of the Abyss.
             The game lasted 00:27:37 (17953 turns).

mhtbhm the Brawler (Ghoul Monk)                    Turns: 17953, Time: 00:27:38

Health: -5/97      AC: 30    Str: 20    XL:     12   Next: 91%
Magic:  11/11      EV:  9    Int:  5    God:    Okawaru [*****.]
Gold:   1395       SH:  0    Dex: 11    Spells: 11/11 levels left

rFire    . . .     SeeInvis +     - Unarmed
rCold    + . .     Faith    .   (no shield)
rNeg     + + +     Spirit   .   a - +8 plate armour of Rabe {Harm *Corrode rPois MR+++}
rPois    ∞         Reflect  .   C - +0 helmet {SInv}
rElec    .         Harm     +   (no cloak)
rCorr    .         Rampage  .   (no gloves)
MR       ++++.                  w - +1 pair of boots
Stlth    ..........             (no amulet)
HPRegen  0.00/turn              x - +4 ring of protection
MPRegen  0.12/turn              q - ring of protection from magic

@: about to teleport
A: rotting body, claws 1, cold resistance 1, negative energy resistance 3,
inhibited regeneration, torment resistance, unbreathing
a: Heroism, Finesse, Renounce Religion


You were on level 3 of the Abyss.
You worshipped Okawaru.
Okawaru was extremely pleased with you.
You visited 4 branches of the dungeon, and saw 14 of its levels.
You visited the Abyss 1 time.

You collected 1955 gold pieces.
You spent 560 gold pieces at shops.

Inventory:

Armour
 a - the +8 plate armour of Rabe (worn) {Harm *Corrode rPois MR+++}
   (You found it on level 2 of the Lair of Beasts)

   It protects you from poison.
   It affects your resistance to hostile enchantments.
   It may corrode you when you take damage.
   It increases damage dealt and taken.
 w - a +1 pair of boots (worn)
 C - a +0 helmet of see invisible (worn)
Jewellery
 b - an uncursed ring of protection from cold
 q - a ring of protection from magic (right claw)
 s - an uncursed ring of protection from cold
 x - a +4 ring of protection (left claw)
Wands
 t - a wand of acid (7)
 u - a wand of paralysis (2)
 y - a wand of disintegration (16)
Scrolls
 d - 4 scrolls of enchant armour
 e - 3 scrolls of amnesia
 f - 7 scrolls of remove curse
 i - 4 scrolls of magic mapping
Potions
 c - a potion of magic
 h - 2 potions of curing
 j - 4 potions of brilliance
 k - a potion of resistance
 m - a potion of might
 n - 3 potions of haste {unknown}
 o - 2 potions of attraction {unknown}
 p - 2 potions of ambrosia {unknown}
 r - 2 potions of lignification {unknown}
 v - a potion of degeneration {unknown}
 z - a potion of flight {unknown}
Miscellaneous
 l - a tin of tremorstones (2/2)
 B - a condenser vane


   Skills:
 + Level 6.8 Fighting
 + Level 9.8 Armour
 + Level 6.8 Dodging
 + Level 5.6 Stealth
 + Level 16.1 Unarmed Combat
 + Level 0.8 Invocations
 + Level 1.3 Evocations


You had 11 spell levels left.
You didn't know any spells.
Your spell library contained the following spells:

 Spells                   Type           Power        Failure   Level
 Corona                   Hex            #......      100%        1
 Shock                    Conj/Air       #...         100%        1
 Slow                     Hex            #.......     100%        2
 Swiftness                Air            #.......     100%        2
 Inner Flame              Hex/Fire       #.......     100%        3
 Portal Projectile        Hex/Tloc       #.....       100%        3
 Static Discharge         Conj/Air       #.......     100%        3
 Airstrike                Air            #.........   100%        4
 Cause Fear               Hex            #.........   100%        4
 Leda's Liquefaction      Hex/Erth       #.........   100%        4
 Lightning Bolt           Conj/Air       #.........   100%        5
 Beastly Appendage        Tmut           Unusable     N/A         1
 Wereblood                Tmut           Unusable     N/A         2
 Spider Form              Tmut/Pois      Unusable     N/A         3
 Ice Form                 Ice/Tmut       Unusable     N/A         4
 Blade Hands              Tmut           Unusable     N/A         5

Dungeon Overview and Level Annotations

Branches:
Dungeon (9/15)             Temple (1/1) D:6            Lair (2/6) D:9
    Orc (2/2) D:9             Elf (0/3) Orc:2
  Swamp: Lair:2-4    Shoals: Lair:2-4     Snake: Lair:2-4    Spider: Lair:2-4

Altars:
Ashenzari
Cheibriados
Dithmenos
Elyvilon
Fedhas
Gozag
Hepliaklqana
Kikubaaqudgha
Makhleb
Nemelex Xobeh
Okawaru
Qazlal
Ru
Sif Muna
Trog
Uskayaw
Vehumet
Wu Jian
Xom
Yredelemnul
Zin
The Shining One
Beogh

Shops:
Orc:1 }[}   Orc:2 =*

Annotations:
Orc:2 Sonja


Innate Abilities, Weirdness & Mutations

Your body is rotting away.
You thrive by killing the living.
You are immune to poison.
You have sharp fingernails.
Your flesh is cold resistant. (rC+)
You are immune to negative energy. (rN+++)
You do not regenerate when monsters are visible.
You are immune to unholy pain and torment.
You can survive without breathing.


Message History

The starcursed mass engulfs you.
* * * LOW HITPOINT WARNING * * *
A chorus of shrieks assaults your mind.
* * * LOW HITPOINT WARNING * * *
You scratch the starcursed mass but do no damage.
The starcursed mass is heavily damaged.
The starcursed mass engulfs you but does no damage. x2
A starcursed mass splits.
Unknown command.
Okay, then.
A chorus of shrieks assaults your mind.
* * * LOW HITPOINT WARNING * * *
Unknown command.
Okay, then.
As you read the scroll of teleportation, it crumbles to dust.
You feel strangely unstable.
You feel the power of the Abyss delaying your translocation!
A starcursed mass splits.
A chorus of shrieks assaults your mind.
You die...

. # # # #.
# . #..##
...#.
#...#####.
.X #
#@.X.##.#
#.##X#..
## ###...#
.. #..#§#
# #.#....
.#
###....#.
#. . .
.#..(.. .
# .... .
.#. . .
... ## ..


You could see 2 starcursed masses.

Vanquished Creatures
  An orc warlord (Orc:1)
  An ettin (Orc:1)
  A hydra (Lair:2)
  2 orc high priests (Orc:2)
  A large abomination (Abyss:3)
  An orc knight (D:9)
  3 orc sorcerers (Orc:1)
  A smoke demon (Abyss:3)
  3 cane toads
  4 komodo dragons (Lair:1)
  4 trolls
  8 blink frogs
  A hornet (D:8)
  Sigmund (D:2)
  A wyvern (Lair:2)
  5 yaks
  A vampire (D:9)
  A wraith (D:9)
  A steam dragon (D:8)
  7 wargs
  Menkaure (D:7)
  5 insubstantial wisps
  4 water moccasins
  20 orc warriors
  A black bear (D:9)
  2 starcursed masses (Abyss:3)
  4 phantoms
  3 wolves (Lair:2)
  8 ogres
  2 centaurs
  Blork the orc (D:5)
  A big kobold (D:9)
  10 bullfrogs
  A water moccasin zombie (D:9)
  A wyvern skeleton (D:8)
  A water moccasin skeleton (D:8)
  4 scorpions
  2 howler monkeys
  4 crimson imps (D:5)
  A quasit (D:8)
  A bullfrog zombie (D:8)
  7 hounds
  3 jellies
  5 centaur skeletons
  13 orc priests
  2 iguanas
  Terence (D:3)
  28 orc wizards
  8 worker ants
  A statue (D:7)
  2 hound skeletons
  2 howler monkey zombies
  8 gnolls
  5 adders
  A howler monkey skeleton (D:9)
  A shadow imp (D:5)
  2 white imps
  2 ufetubi
  2 oozes
  An adder zombie (D:9)
  2 worms (D:3)
  A dart slug (D:1)
  9 leopard geckos
  76 orcs
  2 giant cockroaches
  11 goblins
  5 hobgoblins
  7 jackals
  15 kobolds
  5 quokkas
  5 bats
  11 frilled lizards
  2 giant cockroach zombies
  A jackal skeleton (D:8)
  A leopard gecko zombie (D:4)
  A quokka zombie (D:5)
  4 rats
377 creatures vanquished.

Vanquished Creatures (others)
  36 fungi
  17 plants
  2 starspawn tentacles (Abyss:2)
55 creatures vanquished.

Grand Total: 432 creatures vanquished

Notes
Turn   | Place    | Note
-------+----------+-------------------------------------------
     0 | D:1      | mhtbhm the Ghoul Monk began the quest for the Orb.
     0 | D:1      | Reached XP level 1. HP: 19/19 MP: 0/0
    57 | D:1      | Reached XP level 2. HP: 21/26 MP: 1/1
   463 | D:1      | Reached XP level 3. HP: 33/33 MP: 2/2
   949 | D:1      | You fall into a shaft and drop 1 floor!
   959 | D:2      | Reached skill level 4 in Unarmed Combat
  1155 | D:2      | Reached XP level 4. HP: 40/40 MP: 3/3
  1171 | D:2      | Noticed Sigmund
  1281 | D:2      | Noticed Terence
  1456 | D:3      | Killed Terence
  1583 | D:2      | Killed Sigmund
  1584 | D:2      | Reached skill level 1 in Armour
  1584 | D:2      | Reached skill level 5 in Unarmed Combat
  1584 | D:2      | Reached XP level 5. HP: 29/46 MP: 4/4
  1584 | D:2      | Reached XP level 6. HP: 32/52 MP: 5/5
  2473 | D:3      | Reached skill level 6 in Unarmed Combat
  3376 | D:4      | Found a broken altar of Ashenzari.
  3432 | D:4      | Reached XP level 7. HP: 59/59 MP: 6/6
  3697 | D:4      | Reached skill level 7 in Unarmed Combat
  3829 | D:5      | Entered Level 5 of the Dungeon
  4211 | D:5      | Noticed Blork the orc
  4222 | D:5      | Killed Blork the orc
  4223 | D:5      | Reached XP level 8. HP: 46/66 MP: 7/7
  4386 | D:5      | Found a shimmering altar of Xom.
  4481 | D:5      | Reached skill level 8 in Unarmed Combat
  5126 | D:6      | Noticed a yak
  5126 | D:6      | Noticed a yak
  5126 | D:6      | Noticed a yak
  5368 | D:7      | Found an ornate altar of the Wu Jian Council.
  5470 | D:7      | Found an iron altar of Okawaru.
  5470 | D:7      | Found a sacrificial altar of Ru.
  5860 | D:7      | Reached skill level 9 in Unarmed Combat
  5868 | D:7      | Killed a yak
  5876 | D:7      | Killed a yak
  5877 | D:7      | Reached XP level 9. HP: 40/73 MP: 8/8
  6110 | D:6      | Reached skill level 5 in Fighting
  6186 | D:6      | Found a staircase to the Ecumenical Temple.
  6198 | D:6      | Reached skill level 5 in Dodging
  6207 | Temple   | Entered the Ecumenical Temple
  7312 | D:6      | Reached skill level 5 in Armour
  7312 | D:6      | Reached skill level 10 in Unarmed Combat
  7813 | D:7      | Noticed Menkaure
  7825 | D:7      | Killed Menkaure
  8031 | D:7      | Found a radiant altar of Vehumet.
  8446 | D:8      | Reached skill level 11 in Unarmed Combat
  8525 | D:8      | Reached XP level 10. HP: 80/81 MP: 9/9
  8666 | D:8      | Found a roughly hewn altar of Beogh.
  9155 | D:9      | Found a staircase to the Lair.
  9652 | D:9      | Reached skill level 12 in Unarmed Combat
  9662 | D:9      | Reached skill level 5 in Stealth
 10308 | D:7      | Became a worshipper of Warmaster Okawaru
 10308 | D:7      | Reached * piety under Okawaru
 10308 | D:7      | Reached ** piety under Okawaru
 10422 | D:9      | Found a staircase to the Orcish Mines.
 10753 | D:9      | Found a burning altar of Makhleb.
 10955 | Lair:1   | Entered Level 1 of the Lair of Beasts
 10986 | Lair:1   | Noticed a cane toad
 11008 | Lair:1   | Killed a cane toad
 11238 | Lair:1   | You fall into a shaft and drop 1 floor!
 11513 | Lair:2   | Reached *** piety under Okawaru
 11519 | Lair:2   | Reached skill level 13 in Unarmed Combat
 11519 | Lair:2   | Reached XP level 11. HP: 20/88 MP: 10/10
 11856 | Lair:2   | Noticed a four-headed hydra
 11863 | Lair:2   | Noticed a four-headed hydra
 12134 | Lair:2   | Got a twisted plate armour
 12140 | Lair:2   | Identified the +8 plate armour of Rabe {Harm *Corrode rPois
                  | MR+++} (You found it on level 2 of the Lair of Beasts)
 12376 | Lair:2   | Killed a four-headed hydra
 12376 | Lair:2   | Reached **** piety under Okawaru
 13564 | Lair:1   | Received a gift from Okawaru
 13565 | Lair:1   | Reached skill level 14 in Unarmed Combat
 14281 | Orc:1    | Entered Level 1 of the Orcish Mines
 14738 | Orc:1    | Noticed an orc sorcerer
 14742 | Orc:1    | Noticed an orc knight
 14756 | Orc:1    | Killed an orc sorcerer
 14786 | D:9      | Killed an orc knight
 14786 | D:9      | Reached ***** piety under Okawaru
 15054 | Orc:1    | Found Lypo's Gadget Shop.
 15254 | Orc:2    | Entered Level 2 of the Orcish Mines
 15269 | Orc:1    | Reached XP level 12. HP: 97/97 MP: 11/11
 15645 | Orc:2    | Found a bloodstained altar of Trog.
 15707 | Orc:2    | Found a staircase to the Elven Halls.
 15709 | Orc:2    | Noticed an orc warlord
 15740 | Orc:1    | Found Myugg's Gadget Shop.
 15772 | Orc:1    | Bought a condenser vane for 560 gold pieces
 16049 | Orc:1    | Killed an orc warlord
 16049 | Orc:1    | Received a gift from Okawaru
 16658 | Orc:2    | Reached skill level 15 in Unarmed Combat
 16661 | Orc:2    | Found Xoatui's Jewellery Shoppe.
 16761 | Orc:2    | Noticed an orc high priest
 16766 | Orc:2    | Killed an orc high priest
 16789 | Orc:2    | Noticed an orc high priest
 16802 | Orc:2    | Killed an orc high priest
 17027 | Orc:2    | Found Tethaciw's Assorted Antiques.
 17212 | Orc:1    | Noticed an ettin
 17215 | Orc:1    | Noticed a soul eater
 17287 | Orc:1    | Killed an ettin
 17547 | Orc:1    | Found Larousua's Armour Shop.
 17692 | Orc:2    | Noticed Sonja
 17696 | Orc:2    | Cast into level 2 of the Abyss (Sonja)
 17750 | Abyss:2  | Noticed a tentacled starspawn
 17751 | Abyss:2  | Noticed a wretched star
 17753 | Abyss:2  | Reached skill level 1 in Evocations
 17865 | Abyss:3  | Reached skill level 16 in Unarmed Combat
 17923 | Abyss:3  | Noticed a starcursed mass
 17943 | Abyss:3  | Killed a starcursed mass
 17951 | Abyss:3  | HP: 2/97 [starcursed mass/accursed screaming (9)]
 17953 | Abyss:3  | Killed from afar by a starcursed mass

Illustrated notes

Levels and vault maps discovered:
D:1:      heliophobic_arrival_battle_scene, layout_loops_corners,
          minmay_stone_trees_small, roderic_roman_lattice, minmay_bisected
D:2:      layout_rooms, uniq_sigmund, uniq_terence
D:3:      layout_basic
D:4:      layout_rooms, lemuel_doored_altar, serial_aquarium,
          aquarium_bridge_straight [aquarium_subvault_bridge,
          aquarium_subvault_wall, aquarium_subvault_bridge,
          aquarium_subvault_window], aquarium_bridge_long_separate
          [aquarium_subvault_bridge, aquarium_subvault_bridge,
          aquarium_subvault_wall, aquarium_subvault_balcony,
          aquarium_subvault_bridge, aquarium_subvault_bridge],
          aquarium_window_corridor_1, aquarium_window_2, aquarium_window_1,
          aquarium_window_2, aquarium_view_2a
D:5:      layout_basic, led_xom_imps, uniq_blork_the_orc
D:6:      layout_gridville, minmay_temple_entry_mini_moons, kb_rosetta
D:7:      layout_rooms, vehumet_statue, gammafunk_temple_overflow_wave,
          basic_altar, uniq_menkaure
D:8:      layout_loops_ring, special_room [special_room_orc]
D:9:      layout_cave_pools, lemuel_crystal_altar, lair_entry_dummy, erik_orc_3
Temple:   minmay_crystal_spiral_temple
Lair:1:   layout_cellular_growth, beast_lair_carwin_2, grunt_megastairs_3
Lair:2:   layout_chaotic_city
Orc:1:    layout_caves, serial_shops, shop, nicolae_shop_behind_doors, shop
Orc:2:    st_orc_elflike, layout_caves, serial_shops,
          nicolae_shop_window_shopping, shop, statue_in_the_mist_lemuel,
          trog_book, uniq_sonja
Abyss:3:  base:
Lair:4

Skill      XL: |  1  2  3  4  5  6  7  8  9 10 11 12 |
---------------+-------------------------------------+-----
Dodging        | 3 4 5 6 |  6.8
Unarmed Combat | 4 5 6 7 9 11 13 14 16 | 16.1
Armour         | 1 3 4 5 6 8 9 |  9.8
Stealth        | 3 4 5 |  5.6
Fighting       | 4 5 6 |  6.8
Evocations     | 1 |  1.3
Invocations    | |  0.8

Action                   |  1- 3 |  4- 6 |  7- 9 | 10-12 || total
-------------------------+-------+-------+-------+-------++-------
Melee: Unarmed           |   107 |   154 |   419 |   777 ||  1457
       Punch             |     1 |     4 |    17 |    38 ||    60
Invok: Heroism           |       |       |       |     4 ||     4
Evoke: Wand              |       |       |       |    10 ||    10
       Condenser vane    |       |       |       |     1 ||     1
  Use: Scroll            |       |     4 |     7 |     8 ||    19
       Potion            |       |       |       |     3 ||     3
 Stab: Sleeping          |     2 |     1 |     7 |     3 ||    13
       Paralysed         |       |       |       |     4 ||     4
Armor: Robe              |     8 |       |       |       ||     8
       Chain mail        |    17 |       |       |       ||    17
       Ring mail         |     2 |    47 |   136 |   111 ||   296
       Plate armour      |       |       |       |   376 ||   376
Dodge: Dodged            |    46 |    85 |   249 |   408 ||   788

Table legend: (Time is in decaauts)
 A = Elapsed time spent in this place.
 B = Non-inter-level travel time spent in this place.
 C = Inter-level travel time spent in this place.
 D = Time resting spent in this place.
 E = Time spent auto-exploring this place.
 F = Levels seen in this place.
 G = Mean time per level.
                   A        B        C        D        E       F      G
               +--------+--------+--------+--------+--------+-----+--------+
         Total |  17679 |  17507 |    172 |   7001 |   6571 |  16 | 1104.9 |
       Dungeon |  11326 |  11154 |    172 |   3494 |   5200 |   9 | 1258.4 |
        Temple |    244 |    244 |      0 |      0 |      0 |   1 |  244.0 |
          Lair |   3229 |   3229 |      0 |   1959 |    756 |   2 | 1614.5 |
  Orcish Mines |   2634 |   2634 |      0 |   1462 |    605 |   2 | 1317.0 |
         Abyss |    244 |    244 |      0 |     84 |     10 |   2 |  122.0 |
               +--------+--------+--------+--------+--------+-----+--------+

Top non-repeatable levels by time:
     D:9: 2135 daAuts
  Lair:2: 1808 daAuts
     D:6: 1714 daAuts
   Orc:1: 1680 daAuts
     D:7: 1492 daAuts
  Lair:1: 1420 daAuts
     D:1: 1170 daAuts
     D:3: 1164 daAuts
     D:8: 1134 daAuts
     D:5: 1045 daAuts
   Orc:2: 954 daAuts
     D:2: 828 daAuts
     D:4: 640 daAuts
  Temple: 244 daAuts
 Abyss:3: 186 daAuts
